 Dungeon Crawl Stone Soup version 0.28.0-45-g0d030f2227 (webtiles) character file.

Game seed: 17206685632095210087

76 issech the Cudgeller (level 4, -11/45 HPs)
             Began as a Troll Monk on Apr 4, 2022.
             Mangled by an ogre
             ... wielding a +0 giant club
              (23 damage)
             ... on level 3 of the Dungeon.
             The game lasted 00:06:42 (2109 turns).

issech the Cudgeller (Troll Monk)                   Turns: 2109, Time: 00:06:43

Health: -11/45     AC:  4    Str: 19    XL:     4   Next: 12%
Magic:  3/3        EV: 10    Int:  6    God:
Gold:   76         SH:  0    Dex: 14    Spells: 3/3 levels left

rFire   . . .      SeeInvis .   a - +0 mace
rCold   . . .      Faith    .   (no shield)
rNeg    . . .      Spirit   .   b - +0 robe
rPois   .          Reflect  .   (helmet restricted)
rElec   .          Harm     .   (no cloak)
rCorr   .          Rampage  .   (gloves unavailable)
Will    .....                   (boots unavailable)
Stlth   ++........              (no amulet)
HPRegen 0.95/turn               (no ring)
MPRegen 0.08/turn               (no ring)

@: lethally poisoned (-11 -> -11)
A: large, unfitting armour, claws 3, regeneration 1, shaggy fur 1, tough skin 1
a: no special abilities


You were on level 3 of the Dungeon.
You visited 1 branch of the dungeon, and saw 3 of its levels.

You collected 76 gold pieces.

Inventory:

Hand Weapons
 a - a +0 mace (weapon)
Missiles
 f - 71 stones (quivered)
Armour
 b - a +0 robe (worn)
Wands
 m - a wand of iceblast (4)
Scrolls
 c - 2 scrolls of magic mapping {unknown}
 d - a scroll of enchant weapon {unknown}
 e - a scroll of identify {unknown}
 i - a scroll of teleportation {unknown}
 j - a scroll of fear {unknown}
 k - a scroll of vulnerability {unknown}
 n - a scroll of silence {unknown}
Potions
 g - 2 potions of heal wounds {unknown}
 h - 2 potions of degeneration {unknown}
 l - a potion of curing {unknown}


   Skills:
 + Level 3.0 Fighting
 + Level 3.4 Maces & Flails
 + Level 0.6 Throwing
 + Level 2.9 Dodging
 + Level 1.1 Stealth


You had 3 spell levels left.
You didn't know any spells.
Your spell library contained the following spells:

 Spells                   Type           Power      Damage    Failure   Level
 Dazzling Flash           Conj/Hex       0%         N/A       83%         3
 Ignite Poison            Fire/Tmut/Pois 0%         N/A       83%         3
 Mephitic Cloud           Conj/Pois/Air  0%         N/A       83%         3
 Agony                    Necr           0%         N/A       100%        5
 Freezing Cloud           Conj/Ice/Air   0%         6-21      100%        5
 Silence                  Hex/Air        0%         N/A       100%        5


Dungeon Overview and Level Annotations

Branches:
Dungeon (3/15)

Altars:

Shops:
D:1 [


Innate Abilities, Weirdness & Mutations

You are too large for most types of armour.
You have claws for hands.
Your natural rate of healing is unusually fast.
You are covered in fur. (AC +1)
You have tough skin. (AC +1)


Message History

An adder comes into view.
The adder hisses angrily.
The adder closely misses you.
You hit the adder but do no damage. The adder bites you. The ogre misses you.
You hit the adder.
The adder is lightly wounded.
The adder barely misses you. The adder bites you but does no damage.
The ogre barely misses you.
You closely miss the adder.
The adder is lightly wounded.
The adder closely misses you. The adder barely misses you.
You closely miss the adder.
The adder is lightly wounded.
The ogre hits you with a +0 giant club. The adder misses you.
You hit the adder.
The adder is heavily wounded.
The adder barely misses you. The ogre hits you with a +0 giant club!
The adder bites you but does no damage.
You closely miss the adder.
The adder is heavily wounded.
The ogre closely misses you. The adder misses you.
You hit the adder.
The adder is heavily wounded.
The adder bites you. The ogre barely misses you. The adder barely misses you.
You miss the adder.
The adder is heavily wounded.
The ogre hits you with a +0 giant club! The adder closely misses you.
You closely miss the adder.
The adder is heavily wounded.
The adder bites you.
You are poisoned.
The adder poisons you! The ogre hits you with a +0 giant club.
The adder bites you.
* * * LOW HITPOINT WARNING * * *
You closely miss the adder.
The adder is moderately wounded.
You feel sick. The adder misses you.
The ogre hits you with a +0 giant club!!
Ouch! That really hurt!
You die...

##.# # .#
# .# . #
.# .. #
.# ..
##.### #.
...... #.
......
#.#######
##.###
#S@O...#
##.#
#.#####.#
...# #.#
#. #.#
#### #.#
#. #.# #
#.# # #.#
# #.# #.#
# #.##
#.# # #..
#.# ##
#.####
#.#


You could see an ogre and an adder.

Vanquished Creatures
  An adder (D:3)
  2 dart slugs (D:2)
  A worm (D:2)
  An orc (D:3)
  8 ball pythons
  7 bats
  4 endoplasms (D:1)
  5 giant cockroaches
  4 hobgoblins
  5 quokkas
  3 goblins
  7 kobolds
  6 rats
54 creatures vanquished.

Notes
Turn   | Place    | Note
-------+----------+-------------------------------------------
     0 | D:1      | issech the Troll Monk began the quest for the Orb.
     0 | D:1      | Reached XP level 1. HP: 22/22 MP: 0/0
    21 | D:1      | Found Wiasaih's Antique Armour Emporium.
    71 | D:1      | Reached XP level 2. HP: 29/29 MP: 1/1
   676 | D:2      | Reached XP level 3. HP: 35/36 MP: 2/2
  1279 | D:2      | Found a faded altar of an unknown god.
  1654 | D:3      | Reached XP level 4. HP: 39/45 MP: 3/3
  1884 | D:3      | Noticed an ogre
  2109 | D:3      | Mangled by an ogre

Illustrated notes

Levels and vault maps discovered:
D:1:      sevenhm_arrival_forest_fort_small_3, layout_basic, serial_shops,
          nicolae_square_shop, hex_tiny
D:2:      layout_basic, shapermc_ecumenical_altar_petra
D:3:      layout_loops_ring

Skill      XL: |  1  2  3 |
---------------+----------+-----
Maces & Flails | 3 |  3.4
Fighting       | 3 |  3.0
Throwing       | |  0.6
Dodging        | |  2.9
Stealth        | |  1.1

Action                   |  1- 3 |  4- 6 || total
-------------------------+-------+-------++-------
Melee: Mace              |   151 |    27 ||   178
       Punch             |     1 |       ||     1
Throw: Stone             |    34 |    26 ||    60
 Stab: Sleeping          |     4 |       ||     4
Armor: Robe              |    75 |    29 ||   104
Dodge: Dodged            |    86 |    38 ||   124
